Map: Desvio para o Azul LE

Players

Vicster

  • Race: Terran Terran
  • League: Gold
  • Spawn Location: 1:00

DronFurtivo - Winner!

  • Race: Zerg Zerg
  • League: Gold
  • Spawn Location: 7:00

VOD

Have the link to the VOD?

Description

Time

  • Played on: Jan. 9, 2019, 2:46 p.m.
  • Length: 13:16
Show
View Real Time Build Order
Export as new Build Order

Vicster Terran 

Build Orders: Mech 

Get SALT Encoding   

  12  0:01  SCV  
  13  0:13  SCV  
  14  0:22  Supply Depot  
  14  0:25  SCV  
  15  0:44  SCV  
  16  0:58  Barracks  
  16  1:02  Supply Depot  
  16  1:04  SCV  
  16  1:10  Refinery  
  17  1:16  SCV  
  18  1:29  SCV  
  19  1:41  SCV  
  19  1:46  Marine  
  21  1:50  Command Center  
  21  1:53  Orbital Command  
  21  2:17  Factory  
  21  2:22  Refinery, SCV  
  22  2:34  SCV  
  22  2:36  Barracks Tech Lab  
  23  2:46  SCV  
  23  3:14  Bunker  
  23  3:20  Siege Tank  
  23  3:26  Orbital Command  
  22  3:59  Orbital Command  
  22  4:07  SCV  
  23  4:19  SCV  
  24  4:31  SCV  
  24  4:32  Bunker  
  25  4:38  Bunker  
  25  4:41  Marine  
  25  4:43  Orbital Command  
  26  4:48  Refinery  
  26  4:57  SCV  
  27  5:05  Siege Tank  
  30  5:07  Command Center  
  30  5:09  SCV  
  30  5:12  Supply Depot  
  30  5:13  Marine  
  32  5:21  SCV  
  33  5:23  SCV  
  34  5:33  SCV  
  34  5:35  SCV, Supply Depot  
  36  5:45  SCV  
  36  5:47  SCV  
  38  5:55  Engineering Bay  
  38  5:57  SCV  
  38  5:59  SCV  
  40  6:06  Refinery  
  40  6:09  SCV  
  42  6:11  SCV  
  42  6:16  Siege Tank  
  45  6:20  Orbital Command  
  45  6:21  SCV  
  45  6:23  SCV  
  45  6:24  Factory  
  47  6:27  Factory  
  47  6:33  Factory, SCV  
  47  6:35  SCV  
  49  6:46  SCV  
  50  6:47  SCV  
  50  6:49  SCV  
  52  6:58  SCV  
  52  6:59  SCV  
  52  7:01  SCV  
  55  7:05  Armory  
  55  7:09  Factory Tech Lab  
  55  7:11  Factory Tech Lab  
  55  7:16  Factory Tech Lab  
  55  7:22  Command Center  
  55  7:23  SCV  
  55  7:24  SCV x2  
  58  7:35  SCV  
  58  7:36  Missile Turret, SCV x2  
  61  7:47  Missile Turret, SCV  
  61  7:48  Missile Turret  
  62  7:51  SCV x2  
  62  7:53  Armory  
  62  7:55  Thor x2  
  76  7:59  SCV  
  76  8:01  Factory  
  77  8:09  Supply Depot  
  77  8:10  Factory  
  77  8:12  Terran Vehicle Weapons Level 1, Supply Depot  
  77  8:24  Supply Depot  
  77  8:26  Supply Depot  
  77  8:29  Supply Depot  
  77  8:30  Thor  
  77  8:31  SCV x2  
  77  8:33  Thor, SCV  
  92  8:36  Orbital Command  
  92  8:43  SCV x2  
  92  8:44  Command Center  
  92  8:45  SCV  
  95  8:58  Factory Tech Lab  
  95  9:03  Orbital Command  
  95  9:11  Factory Tech Lab  
  95  9:29  Orbital Command  
  68  10:14  SCV  
  68  10:20  Thor x6  
  105  10:27  SCV  
  106  10:31  Terran Vehicle And Ship Armor Level 1  
  106  10:39  SCV  
  107  10:51  SCV  
  108  11:01  Command Center  
  108  11:03  Thor, Hellion  
  108  11:04  Hellion x4  
  124  11:09  Command Center  
  118  11:39  SCV  
  119  11:40  SCV x2  
  119  11:43  Refinery  
  119  11:45  Refinery  
  121  11:51  SCV  
  121  11:52  SCV x2  
  124  11:55  Thor  
  124  11:56  Thor  
  124  11:59  Hellbat x2  
  140  12:06  SCV x3  
  140  12:07  Hellbat  
  139  12:10  Thor  
  129  12:18  SCV x3  
  129  12:20  Hellbat  
  134  12:26  Thor  
  134  12:29  Hellion  
  142  12:31  SCV x3  
  131  12:39  Hellion  
Show
View Real Time Build Order
Export as new Build Order

DronFurtivo Zerg - Winner!

Build Orders: Pool First 

Get SALT Encoding   

  12  0:10  Overlord  
  12  0:17  Drone  
  12  0:19  Drone  
  14  0:24  Extractor  
  14  0:26  Drone  
  14  0:44  Drone x2  
  15  0:57  Drone  
  15  1:01  Spawning Pool  
  15  1:06  Drone  
  16  1:27  Drone x2  
  18  1:40  Hatchery  
  18  1:43  Drone  
  18  1:52  Zergling x2, Metabolic Boost  
  19  2:01  Drone  
  20  2:09  Queen  
  20  2:15  Overlord  
  22  2:27  Overlord  
  22  2:36  Zergling x2  
  23  2:42  Drone  
  24  2:46  Extractor  
  23  2:52  Queen  
  25  3:03  Zergling x6  
  28  3:09  Drone  
  28  3:12  Lair  
  29  3:15  Drone x2  
  31  3:52  Drone x2  
  31  3:54  Drone x2  
  31  3:55  Drone x2  
  37  3:58  Hatchery  
  35  4:13  Drone x3  
  38  4:18  Extractor  
  38  4:22  Extractor  
  36  4:29  Overlord, Evolution Chamber  
  32  4:40  Zergling x2  
  32  4:41  Zergling x2  
  34  4:53  Drone x5  
  39  5:11  Drone x4  
  43  5:16  Spire  
  43  5:18  Drone  
  43  5:19  Drone x2  
  43  5:20  Hydralisk Den  
  44  5:24  Queen  
  46  5:29  Drone x3  
  49  5:38  Zerg Missile Weapons Level 1  
  49  5:43  Zergling x8  
  53  5:55  Overlord x2  
  53  5:59  Drone x4  
  57  6:11  Overlord x3  
  57  6:17  Drone x3  
  60  6:25  Hydralisk  
  60  6:26  Hydralisk  
  60  6:31  Grooved Spines  
  64  6:34  Zerg Flyer Weapons Level 1  
  64  6:39  Drone x3  
  67  6:52  Hydralisk x2  
  67  6:53  Hydralisk x2  
  73  6:55  Drone  
  73  6:56  Drone x2  
  76  7:01  Extractor  
  76  7:02  Extractor  
  76  7:08  Pneumatized Carapace  
  74  7:18  Evolution Chamber  
  73  7:24  Drone x8  
  73  7:25  Drone x3  
  84  7:32  Zerg Ground Armor Level 1  
  84  7:34  Drone  
  85  7:42  Muscular Augments  
  85  7:45  Zerg Missile Weapons Level 2  
  85  7:51  Mutalisk x2  
  85  7:52  Mutalisk x4, Infestation Pit  
  85  7:57  Drone  
  85  7:58  Overlord  
  97  8:01  Overlord  
  97  8:02  Overlord  
  97  8:16  Overlord x3  
  97  8:22  Zergling x8  
  97  8:23  Mutalisk x4  
  109  8:27  Hydralisk  
  111  8:38  Zerg Flyer Weapons Level 2  
  111  8:40  Hive  
  111  8:43  Drone x2  
  113  8:49  Mutalisk x3  
  113  8:50  Mutalisk  
  121  9:01  Hydralisk x3  
  127  9:13  Zergling x8  
  127  9:14  Zergling x2  
  127  9:15  Zergling x6  
  127  9:43  Corruptor  
  127  9:44  Corruptor x3  
  127  9:45  Hydralisk x4  
  135  9:46  Hydralisk  
  122  10:12  Mutalisk x7  
  132  10:43  Hatchery  
  131  10:52  Hatchery  
  131  10:55  Mutalisk  
  131  10:56  Mutalisk x5  
  131  10:57  Mutalisk  
  134  11:00  Overlord x2  
  144  11:06  Greater Spire  
  136  11:47  Extractor  
  136  11:50  Extractor  
  136  11:53  Hydralisk  
  136  11:54  Hydralisk x4  
  136  11:55  Hydralisk x3  
  118  12:18  Brood Lord x3  
  118  12:19  Brood Lord  
  118  12:20  Hydralisk  
  118  12:21  Hydralisk x5  
  138  12:26  Zergling x14  
Tags
 
Composition
Mech
League
GoldGold
Matchup
TvZ
Opening
Pool First
Replay Pack
Vicster replay
Spawn Locations
Cross Positions
Add a new tag
Caveats
  • Supply blocks, unpowered buildings, or Contaminate may cause inaccurate times.
  • Supply counts are checked every 10 seconds.